 Dungeon Crawl Stone Soup version 0.29.0-13-gc9e81de378 (webtiles) character file.

Game seed: 4393392601074172204

102 emikaela the Shooter (level 5, -1/58 HPs)
             Began as a Djinni Hunter on Sept 10, 2022.
             Slain by a gnoll bouda
             ... wielding a +0 club
              (8 damage)
             ... on level 2 of the Dungeon.
             The game lasted 00:05:07 (1255 turns).

emikaela the Shooter (Djinni Hunter)                Turns: 1255, Time: 00:05:08

Health: -1/58      AC:  3    Str: 10    XL:     5   Next: 5%
Gold:   53         EV: 12    Int: 13    God:
                   SH:  0    Dex: 16

rFire   + + .      SeeInvis .   a - +0 shortbow
rCold   x . .      Faith    .   (shield currently unavailable)
rNeg    . . .      Spirit   .   c - +0 leather armour
rPois   ∞          Reflect  .   (no helmet)
rElec   .          Harm     .   (no cloak)
rCorr   .          Rampage  .   (no gloves)
Will    .....                   (boots unavailable)
Stlth   ..........              (no amulet)
HPRegen 0.19/turn               (no ring)
MPRegen 0.00/turn               (no ring)

@: berserking, weakened, flying, very quick
A: sickness immunity, fire resistance 2, cold vulnerability 1, float, innate
caster, HP casting, extra vitality 1
a: no special abilities


You were on level 2 of the Dungeon.
You visited 1 branch of the dungeon, and saw 2 of its levels.

You collected 53 gold pieces.

Inventory:

Hand Weapons
 a - a +0 shortbow (weapon)
Missiles
 b - 2 poisoned darts
 s - 10 stones
Armour
 c - a +0 leather armour (worn)
Magical Staves
 j - a staff of poison
Scrolls
 e - a scroll of identify {unknown}
 f - a scroll of magic mapping {unknown}
 h - a scroll of noise {unknown}
 k - a scroll of amnesia {unknown}
 o - a scroll of immolation {!r}
Potions
 d - a potion of heal wounds {unknown}
 g - a potion of curing {unknown}
 i - a potion of berserk rage {!q}


   Skills:
 + Level 2.7 Fighting
 + Level 3.9 Ranged Weapons
 - Level 2.6 Dodging
 + Level 1.6 Stealth
 * Level 1.1 Spellcasting


You had 3 spell levels left.
You knew the following spells:

 Your Spells              Type           Power      Damage    Failure   Level
a - Foxfire               Conj/Fire      12%        2x1d4     24%         1
v - Poisonous Vapours     Pois/Air       6%         N/A       36%         2
Your spell library was empty.

Dungeon Overview and Level Annotations

Branches:
Dungeon (2/15)

Altars:

Annotations:
D:2 Jessica


Innate Abilities, Weirdness & Mutations

You are immune to sickness and miasma.
You are immune to poison.
Your flesh is very heat resistant. (rF++)
You are vulnerable to cold. (rC-)
You float through the air rather than walking.
You learn spells naturally, not from books.
Your magical power is your life essence.
You have superior vitality. (+4 MHP)


Message History

The gnoll bouda closely misses you.
Fire: a) +0 shortbow
Press: ? - help, Q - select action, (/) - cycle Shift-Dir - straight line, f/p - gnoll bouda
Aim: a gnoll bouda, wielding a +0 club and wearing a +0 leather armour (severely wounded, 65% to hit)
You shoot an arrow.
The arrow hits the gnoll bouda but does no damage.
The gnoll bouda is severely wounded.
The gnoll bouda misses you.
The gnoll bouda hits you with a +0 club.
Fire: a) +0 shortbow
Press: ? - help, Q - select action, (/) - cycle Shift-Dir - straight line, f/p - gnoll bouda
Aim: a gnoll bouda, wielding a +0 club and wearing a +0 leather armour (severely wounded, 65% to hit)
You shoot an arrow. The arrow hits the gnoll bouda.
The gnoll bouda is severely wounded.
The gnoll bouda gazes fiercely through you!
You feel your attacks grow feeble.
The gnoll bouda hits you with a +0 club.
* * * LOW HITPOINT WARNING * * *
It was a potion of berserk rage.
A red film seems to cover your vision as you go berserk!
You feel yourself moving faster!
You feel mighty!
The gnoll bouda gazes fiercely through you!
You feel as though you will be weak longer.
The gnoll bouda hits you with a +0 club.
* * * LOW HITPOINT WARNING * * *
Really attack while wielding your +0 shortbow? [Y]es or [N]o only, please.
Really attack while wielding your +0 shortbow?
Okay, then.
You are too berserk!
Unknown command.
Really attack while wielding your +0 shortbow?
You barely miss the gnoll bouda.
The gnoll bouda is severely wounded.
The gnoll bouda prays to its god.
The gnoll bouda is healed somewhat.
You clumsily bash the gnoll bouda.
The gnoll bouda is heavily wounded.
The gnoll bouda hits you with a +0 club!
You die...

#.# #.###..###
# #. #.....
##.g#####
#.##.###.####
.S......# #.#
#...## #.# #.#
##..# #.# #.#
##.# #)# #.#
#)# #g# #.#
#.# #@# #.#
#.# #.####.###
#.# ###
#.....#..###.#
...
######.#.#...#
...
#.....#.#.###
...
#.#####.#.# #
#.# #.#.# #.#
#.#)# #.#
#.#.#


You could see a gnoll bouda.

Vanquished Creatures
  3 gnolls (D:2)
  2 adders (D:2)
  A worm (D:2)
  A dart slug (D:2)
  3 ball pythons
  4 bats
  5 endoplasms
  5 giant cockroaches
  8 goblins
  2 hobgoblins
  A kobold (D:1)
  3 quokkas
  A frilled lizard (D:1)
  7 rats
46 creatures vanquished.

Notes
Turn   | Place    | Note
-------+----------+-------------------------------------------
     0 | D:1      | emikaela the Djinni Hunter began the quest for the Orb.
     0 | D:1      | Reached XP level 1. HP: 18/18 MP: 0/0
   235 | D:1      | Reached skill level 1 in Stealth
   248 | D:1      | Reached XP level 2. HP: 19/23 MP: 0/0
   468 | D:1      | Reached XP level 3. HP: 28/28 MP: 0/0
   468 | D:1      | Learned a level 1 spell: Foxfire
   926 | D:2      | Noticed Jessica
   980 | D:2      | Reached XP level 4. HP: 34/34 MP: 0/0
  1240 | D:2      | Reached skill level 1 in Spellcasting
  1243 | D:2      | Reached XP level 5. HP: 30/39 MP: 0/0
  1243 | D:2      | Learned a level 2 spell: Poisonous Vapours
  1255 | D:2      | Slain by a gnoll bouda

Illustrated notes

Levels and vault maps discovered:
D:1:      minmay_arrival_pointy, layout_rooms
D:2:      layout_loops_ring, shapermc_ecumenical_altar_mp_vishouse, uniq_jessica

Skill      XL: |  1  2  3  4 |
---------------+-------------+-----
Stealth        | 1 |  1.6
Spellcasting   | 1 |  1.1
Fighting       | |  2.7
Ranged Weapons | |  3.9
Dodging        | |  2.6

Action                   |  1- 3 |  4- 6 || total
-------------------------+-------+-------++-------
Melee: Shortbow          |       |     2 ||     2
 Fire: Shortbow          |    96 |    47 ||   143
  Use: Potion            |       |     1 ||     1
Armor: Leather armour    |    11 |     6 ||    17
Dodge: Dodged            |    27 |    33 ||    60
